AoeStats
← KnightsTemplar

Arena

508453025Analyzed
1v1 RM · 10d ago on Sep 22, 2026· 71m 38s· 2 players
Game mode
Random Map
Map size
Tiny (2 player)
Population
200
Speed
Normal
Resources
Standard
Victory
Conquest
Starting age
Dark Age
Ending age
Imperial Age
RankedLock teamsTeams togetherTeam positionsShared explorationLock speedFull tech treeHidden civsTurbo modeCheats
Victory
Defeat
🇬🇧 Franks · United Kingdom
589
+15
🇨🇳 Persians · China
569
-15
2307142
14:34 Feudal Age
14:32 Man-at-Arms
15:57 Wheelbarrow
15:12 Double-Bit Axe
15:10 Horse Collar
15:43 Gold Mining
21:17 Castle Age
19:54 Bloodlines
21:00 Stone Mining
21:50 Husbandry
22:33 Hand Cart
23:25 Gold Shaft Mining
23:47 Bow Saw
23:16 Light Cavalry
26:35 Stone Shaft Mining
26:13 Heavy Plow
29:31 Ballistics
29:02 Heated Shot
34:40 Imperial Age
33:08 Coinage
32:46 Scale Barding Armor
32:43 Scale Mail Armor
32:43 Padded Archer Armor
32:35 Fletching
32:55 Forging
35:48 Loom
35:49 Town Watch
35:37 Cavalier
35:37 Hussar
35:38 Heavy Camel Rider
37:30 Two-Man Saw
37:03 Crop Rotation
37:40 Long Swordsman
37:40 Pikeman
38:21 Squires
38:07 Gambesons
38:08 Arson
38:47 Chain Barding Armor
38:42 Chain Mail Armor
38:42 Leather Archer Armor
38:23 Bodkin Arrow
39:04 Iron Casting
38:35 Town Patrol
39:20 Halberdier
43:26 Savar
50:04 Ring Archer Armor
50:04 Plate Mail Armor
53:14 Plate Mail Armor
53:20 Plate Barding Armor
53:46 Blast Furnace
KnightsTemplar
12:32 Feudal Age
12:13 Loom
13:04 Double-Bit Axe
14:33 Scale Barding Armor
18:55 Castle Age
19:00 Gold Mining
19:51 Bow Saw
21:27 Chain Barding Armor
21:18 Forging
21:00 Light Cavalry
21:42 Husbandry
22:39 Wheelbarrow
24:03 Hand Cart
26:57 Stone Mining
27:58 Town Watch
28:53 Fortified Wall
28:56 Masonry
30:41 Town Patrol
31:41 Fervor
33:26 Ballistics
33:02 Murder Holes
35:57 Imperial Age
37:15 Chivalry
37:38 Conscription
36:42 Elite Throwing Axeman
37:04 Cavalier
38:28 #83
38:45 Hoardings
38:16 Paladin
39:40 Iron Casting
39:42 Arrowslits
40:59 Chemistry
40:33 Architecture
40:51 Gold Shaft Mining
41:55 Fervor
45:45 Siege Engineers
63:29 Capped Ram
Connection lost

Rejoining the realm…

Still unreachable

The connection could not be restored.

Session expired

The server has moved on; the page needs a fresh start.